 Dungeon Crawl Stone Soup version 0.25-a0-164-gb55e97dba5 (webtiles) character file.

Game seed: 7779095347257898343, levelgen mode: deterministic

14108 mortelune the Frost Mage (level 11, 0/80 HPs)
             Began as a Demonspawn Ice Elementalist on Nov 22, 2019.
             Was a Follower of Ashenzari.
             Slain by a hippogriff (6 damage)
             ... on level 3 of the Lair of Beasts.
             The game lasted 00:55:41 (25462 turns).

mortelune the Frost Mage (DsIE)                    Turns: 25462, Time: 00:55:42

Health: 0/80       AC: 10    Str: 13    XL:     11   Next: 84%
Magic:  4/21       EV: 14    Int: 22    God:    Ashenzari [*.....]
Gold:   362        SH:  4    Dex: 14    Spells: 9/23 levels left

rFire    . . .     SeeInvis .   v - +2 whip (elec)
rCold    . . .     Gourm    .   N - +0 buckler
rNeg     . . .     Faith    .   M - +0 robe
rPois    .         Spirit   .   O - +0 helmet
rElec    .         Reflect  .   K - scarf {repulsion}
rCorr    .         Harm     .   k - +1 pair of gloves (curse)
MR       +....                  x - +1 pair of boots
Stlth    +++++.....             (no amulet)
HPRegen  1.23/turn              n - ring "Fiemeim" {Str+4 Int+3 Stlth+} (curse)
MPRegen  0.17/turn              p - ring of protection from magic (curse)

@: repel missiles
A: hooves 1, thin metallic scales 1, nightstalker 2, powered by death 1
a: Curse Item, Scrying, Renounce Religion


You were on level 3 of the Lair of Beasts.
You worshipped Ashenzari.
Ashenzari was aware of your devotion.
You were not hungry.

You visited 3 branches of the dungeon, and saw 14 of its levels.
You also visited: Ossuary.

You collected 734 gold pieces.
You spent 372 gold pieces at shops.

Inventory:

Hand Weapons
 g - a -1 short sword
 i - a +0 short sword
 v - a +2 whip of electrocution (weapon)
Armour
 k - a cursed +1 pair of gloves (worn)
 x - a +1 pair of boots (worn)
 y - the +0 scale mail of Takewe {rF+ rN+ Str+4 Int+2}
   (You found it on level 4 of the Dungeon)

   It affects your strength (+4).
   It affects your intelligence (+2).
   It protects you from fire.
   It protects you from negative energy.
 I - a +0 chain mail of poison resistance
 K - a scarf of repulsion (worn)
 M - a +0 robe (worn)
 N - a +0 buckler (worn)
 O - a +0 helmet (worn)
Jewellery
 j - an uncursed ring of fire
 m - an uncursed ring of magical power
 n - the cursed ring "Fiemeim" (left hand) {Str+4 Int+3 Stlth+}
   (You bought it in a shop on level 9 of the Dungeon)

   [ring of intelligence]

   It affects your strength (+4).
   It affects your intelligence (+3).
   It makes you more stealthy.
   It has a curse placed upon it.
 p - a cursed ring of protection from magic (right hand)
 B - an uncursed ring of flight
 J - an uncursed ring of wizardry
 R - an uncursed ring of protection from fire
Wands
 l - a wand of disintegration (16)
 C - a wand of iceblast (18)
 D - a wand of paralysis (8)
 H - a wand of acid (2)
 L - a wand of flame (14)
 P - a wand of polymorph (4)
Scrolls
 a - 3 scrolls of identify
 b - 3 scrolls of teleportation
 d - 3 scrolls of enchant armour
 f - 5 scrolls of amnesia
 h - 2 scrolls of magic mapping
 t - 2 scrolls of noise
 u - 3 scrolls of immolation
 w - a scroll of blinking
 A - a scroll of holy word {unknown}
 E - 2 scrolls of enchant weapon
 G - a scroll of fear {unknown}
 Q - a scroll of remove curse
Potions
 e - 3 potions of brilliance
 o - 2 potions of might
 q - 2 potions of lignification
 r - a potion of heal wounds
 s - 3 potions of curing
 z - 2 potions of flight
 F - 3 potions of ambrosia
 S - a potion of haste {unknown}
Comestibles
 c - 13 rations


   Skills:
 + Level 5.4 Fighting
 - Level 1.9 Maces & Flails
 - Level 5.7 Armour
 - Level 4.7 Dodging
 - Level 1.7 Stealth
 + Level 2.6 Shields
 - Level 6.6 Spellcasting
 + Level 8.4 Conjurations
 * Level 11.3 Ice Magic


You had 9 spell levels left.
You knew the following spells:

 Your Spells              Type           Power        Failure   Level  Hunger
a - Freeze                Ice            ####         1%          1    None
b - Throw Frost           Conj/Ice       ######       1%          2    None
c - Throw Icicle          Conj/Ice       ######..     1%          4    ###....
d - Summon Ice Beast      Ice/Summ       ####....     10%         4    ###....
e - Ozocubu's Armour      Chrm/Ice       ####....     3%          3    #......

Your spell library contained the following spells:

 Spells                   Type           Power        Failure   Level  Hunger


Dungeon Overview and Level Annotations

Branches:
Dungeon (10/15)            Temple (1/1) D:6            Lair (3/6) D:9
  Snake (0/4) Lair:2      Ossuary (visited)
  Swamp: Lair:2-4    Shoals: Lair:2-4       Orc: D:9-12

Altars:
Ashenzari
Elyvilon
Fedhas
Gozag
Kikubaaqudgha
Makhleb
Nemelex Xobeh
Okawaru
Qazlal
Ru
Sif Muna
Trog
Uskayaw
Vehumet
Wu Jian
Xom
The Shining One

Shops:
D:9 =

Annotations:
Lair:1 Urug


Innate Abilities, Weirdness & Mutations

You have large cloven feet.
You are partially covered in thin metallic scales. (AC +2)
You are significantly more attuned to the shadows.
You regenerate a little health from kills.


Message History

* * * LOW HITPOINT WARNING * * *
You hit the elephant.
The elephant is severely wounded.
The elephant closely misses you. The elephant barely misses you.
The elephant tramples you!
* * * LOW HITPOINT WARNING * * *
You stumble backwards!
You hit the elephant. Lightning courses through the elephant!
The elephant is almost dead.
Your ice beast hits the elephant but does no damage.
The elephant tramples you but does no damage.
The elephant trunk-slaps you but does no damage.
The elephant completely misses you. You block the elephant's attack.
You hit the elephant. Lightning courses through the elephant!
You kill the elephant!
Your ice beast hits the elephant.
Your ice beast freezes the elephant!
The elephant tramples you!
* * * LOW HITPOINT WARNING * * *
You stumble backwards!
The hippogriff bites you.
You die...

#.#......≈≈##≈..#
##.#..#...≈§§≈≈§..
......#.#.≈§§≈§...
..####........≈§§≈≈§..
...#...#....P........#
........[..........###
........Y...≈≈≈≈≈≈.#..
.....H†Y....≈♣♣♣♣≈...#
.....@Y.....≈♣ ♣≈....
.......Y....≈♣ ♣≈....
............≈♣ ♣≈....
............≈ ≈≈.#..
............. .... .#
.............


You could see 3 elephants, a hippogriff and a friendly ice beast.

Vanquished Creatures
  A hydra (Lair:2)
  Pikel (D:4)
  An oklob plant (Lair:2)
  An elephant (Lair:3)
  3 black mambas
  Psyche (D:8)
  A spiny frog (Lair:1)
  2 komodo dragons
  Prince Ribbit (D:5)
  A hippogriff (Lair:2)
  2 dream sheep (Lair:3)
  Sigmund (D:6)
  13 yaks
  3 basilisks
  Menkaure (D:5)
  Edmund (D:5)
  6 water moccasins
  2 sky beasts
  6 orc warriors
  A porcupine (Lair:1)
  Duvessa (D:5)
  5 ice beasts
  A slave (D:4)
  2 centaurs
  7 wolves
  4 ogres
  3 crocodiles
  10 bullfrogs
  A gnoll sergeant (D:4)
  A water moccasin zombie (D:8)
  Dowan (D:5)
  4 killer bees (D:10)
  8 wights
  A howler monkey (D:4)
  2 crimson imps
  2 bullfrog zombies
  A centaur skeleton (D:10)
  2 bullfrog skeletons
  5 hounds
  3 jellies (D:8)
  7 orc priests
  13 orc wizards
  3 iguanas
  6 worker ants
  A hound zombie (D:8)
  A mummy (Ossuary)
  A hound skeleton (D:7)
  A worker ant zombie (D:7)
  3 gnolls (D:5)
  16 adders
  4 shadow imps
  7 oozes
  An adder skeleton (D:4)
  A worm (D:4)
  4 dart slugs
  6 leopard geckos
  43 orcs
  2 ball pythons
  8 bats
  5 giant cockroaches
  6 goblins
  15 hobgoblins
  10 jackals
  3 quokkas
  8 frilled lizards
  4 gnoll skeletons (Ossuary)
  A jackal skeleton (D:5)
  6 kobolds
  10 kobold skeletons (Ossuary)
  A leopard gecko zombie (D:5)
  11 orc skeletons (Ossuary)
  5 rats
326 creatures vanquished.

Vanquished Creatures (collateral kills)
  A black mamba (Lair:1)
  A spiny frog (Lair:2)
  3 water moccasins
  A big kobold (D:10)
  4 kobolds (D:10)
10 creatures vanquished.

Vanquished Creatures (others)
  A yak (D:4)
  3 slaves (D:4)
  A hound (D:4)
  2 adders (D:4)
  An orc (D:8)
  2 jackals (D:4)
  3 fungi
  23 plants
36 creatures vanquished.

Grand Total: 372 creatures vanquished

Notes
Turn   | Place    | Note
-------+----------+-------------------------------------------
     0 | D:1      | mortelune the Demonspawn Ice Elementalist began the quest
                  | for the Orb.
     0 | D:1      | Reached XP level 1. HP: 13/13 MP: 3/3
   200 | D:1      | Reached skill level 3 in Ice Magic
   200 | D:1      | Gained mutation: You are partially covered in thin metallic
                  | scales. (AC +2) [demonic ancestry]
   200 | D:1      | Reached XP level 2. HP: 19/19 MP: 0/5
   204 | D:1      | Learned a level 2 spell: Throw Frost
  1257 | D:1      | Reached XP level 3. HP: 24/24 MP: 1/6
  2541 | D:2      | Reached XP level 4. HP: 30/30 MP: 0/7
  2614 | D:2      | Learned a level 4 spell: Throw Icicle
  3519 | D:2      | Reached skill level 4 in Ice Magic
  4253 | D:3      | Reached XP level 5. HP: 35/35 MP: 8/8
  4393 | D:3      | Found a blossoming altar of Fedhas.
  5259 | D:3      | Found a white marble altar of Elyvilon.
  5261 | D:3      | Found a shimmering blue altar of Sif Muna.
  5539 | D:4      | Noticed an ogre
  5554 | D:4      | Killed an ogre
  5554 | D:4      | Gained mutation: You are slightly more attuned to the
                  | shadows. [demonic ancestry]
  5554 | D:4      | Reached XP level 6. HP: 41/41 MP: 5/9
  5598 | D:4      | Noticed a slave
  5602 | D:4      | Found a sand-covered staircase.
  5607 | Ossuary  | Entered an ossuary
  5607 | Ossuary  | Noticed a wraith
  5607 | Ossuary  | Noticed a wraith
  5608 | Ossuary  | Noticed a wraith
  7008 | Ossuary  | Noticed a wraith
  7116 | D:4      | Killed a slave
  7134 | D:4      | Noticed Pikel
  7141 | D:4      | Killed Pikel
  7141 | D:4      | Reached skill level 5 in Ice Magic
  7141 | D:4      | Reached XP level 7. HP: 36/46 MP: 5/11
  7329 | D:4      | Killed a yak
  7332 | D:4      | Killed a freed slave
  7736 | D:4      | Reached skill level 6 in Ice Magic
  7770 | D:4      | Noticed a yak
  7771 | D:4      | Noticed a yak
  7783 | D:5      | Entered Level 5 of the Dungeon
  8022 | D:5      | Noticed Edmund
  8032 | D:5      | Killed Edmund
  8032 | D:5      | Gained mutation: You are significantly more attuned to the
                  | shadows. [demonic ancestry]
  8032 | D:5      | Reached XP level 8. HP: 45/52 MP: 0/13
  8509 | D:4      | Got a twisted scale mail
  8510 | D:4      | Identified the cursed +0 scale mail of Takewe {rF+ rN+
                  | Str+4 Int+2} (You found it on level 4 of the Dungeon)
  9199 | D:4      | Reached skill level 1 in Armour
  9229 | D:4      | Reached skill level 7 in Ice Magic
  9993 | D:5      | Reached skill level 5 in Conjurations
 10014 | D:5      | Noticed Menkaure
 10018 | D:5      | Killed Menkaure
 10146 | D:5      | Reached XP level 9. HP: 57/57 MP: 13/15
 10202 | D:5      | Noticed Prince Ribbit
 10757 | D:5      | Killed Prince Ribbit
 10816 | D:5      | Noticed Dowan
 10816 | D:5      | Noticed Duvessa
 10827 | D:5      | Killed Duvessa
 10834 | D:5      | Killed Dowan
 11578 | D:6      | Noticed Sigmund
 11581 | D:6      | Reached skill level 8 in Ice Magic
 11764 | D:6      | Found a sparkling altar of Nemelex Xobeh.
 11882 | D:6      | Reached skill level 5 in Spellcasting
 12289 | D:6      | Found a staircase to the Ecumenical Temple.
 12318 | Temple   | Entered the Ecumenical Temple
 12363 | Temple   | Became a worshipper of Ashenzari the Shackled
 12619 | D:6      | Killed Sigmund
 13104 | D:6      | Found a sacrificial altar of Ru.
 13784 | D:7      | Learned a level 4 spell: Summon Ice Beast
 14041 | D:7      | Reached skill level 9 in Ice Magic
 15053 | D:8      | Noticed Psyche
 15060 | D:8      | Killed Psyche
 15060 | D:8      | Reached skill level 1 in Fighting
 15060 | D:8      | Gained mutation: You regenerate a little health from kills.
                  | [demonic ancestry]
 15060 | D:8      | Reached XP level 10. HP: 64/65 MP: 15/18
 15125 | D:8      | Found a stormy altar of Qazlal.
 17776 | D:9      | Found a shimmering altar of Xom.
 18331 | D:9      | Noticed a two-headed ogre
 18459 | D:10     | Entered Level 10 of the Dungeon
 18725 | D:10     | Reached * piety under Ashenzari
 18741 | D:10     | Identified the cursed +0 ring mail "Damnable Contraption"
                  | {-Cast rCorr Str+4 Int+3}
 19750 | D:9      | Reached skill level 5 in Armour
 19838 | D:10     | Reached skill level 10 in Ice Magic
 20368 | D:9      | Found Plog's Jewellery Shoppe.
 20374 | D:9      | Bought the ring "Fiemeim" {Str+4 Int+3 Stlth+} for 372 gold
                  | pieces
 20517 | D:9      | Found a staircase to the Lair.
 20598 | Lair:1   | Entered Level 1 of the Lair of Beasts
 20805 | Lair:1   | Gained mutation: You have large cloven feet. [demonic
                  | ancestry]
 20805 | Lair:1   | Reached XP level 11. HP: 75/75 MP: 3/21
 21413 | Lair:1   | Reached skill level 1 in Maces & Flails
 21434 | Lair:1   | Noticed Urug
 23097 | Lair:2   | Noticed an oklob plant
 23253 | Lair:2   | Killed an oklob plant
 23433 | Lair:2   | Reached skill level 1 in Shields
 23659 | Lair:2   | Found a staircase to the Snake Pit.
 23708 | Lair:2   | Reached skill level 11 in Ice Magic
 23990 | Lair:2   | Reached skill level 5 in Fighting
 24619 | Lair:2   | Noticed a five-headed hydra
 24722 | Lair:2   | Killed a five-headed hydra
 25087 | Lair:2   | Learned a level 3 spell: Ozocubu's Armour
 25462 | Lair:3   | Slain by a hippogriff

Levels and vault maps discovered:
D:1:      doesnt_arrival_eight_statues, layout_loops_corners
D:2:      layout_loops_ring
D:3:      layout_loops_ring, nicolae_overflow_hidden_temple
D:4:      layout_loops_ring, enter_ossuary_5, first_ration, minmay_vboxes,
          uniq_pikel
D:5:      layout_basic, uniq_prince_ribbit1, uniq_edmund, uniq_duvessa,
          uniq_menkaure
D:6:      layout_loops_ring, kennysheep_mini_moat, lemuel_round_altar,
          minmay_temple_entry_glass, uniq_sigmund
D:7:      layout_cave_pods
D:8:      layout_cave_pods, hangedman_little_slice_of_home, grunt_qazlal_clouds,
          uniq_psyche
D:9:      layout_basic, xom_teletrap_fun, david_lair_shrubbed, serial_shops,
          shop
D:10:     layout_rooms
Temple:   nicolae_temple_x_marks_the_god
Lair:1:   layout_roguey, gammafunk_ghost_berserking_beasts, uniq_urug
Lair:2:   layout_layer_cave, minmay_snake_entry_six_corridors, lemuel_fruit_tree
Lair:3:   layout_gridlike, palyth_hydra_swamp_entry,
          ebering_ghost_disaster_area, serial_bayou_shore_b

Skill      XL: |  1  2  3  4  5  6  7  8  9 10 11 |
---------------+----------------------------------+-----
Dodging        | 2 3 4 |  4.7
Ice Magic      | 3 4 5 6 7 9 10 11 | 11.3
Conjurations   | 2 3 4 5 6 7 8 |  8.4
Spellcasting   | 3 4 5 6 |  6.6
Armour         | 2 4 5 |  5.7
Fighting       | 1 3 5 |  5.4
Maces & Flails | 1 |  1.9
Shields        | 2 |  2.6
Stealth        | |  1.7

Action                   |  1- 3 |  4- 6 |  7- 9 | 10-12 || total
-------------------------+-------+-------+-------+-------++-------
Melee: Unarmed           |     3 |       |       |       ||     3
       Club              |    26 |       |       |       ||    26
       Short sword       |     5 |    73 |       |       ||    78
       Whip              |       |       |   113 |   141 ||   254
 Cast: Freeze            |    37 |    57 |    86 |   168 ||   348
       Throw Frost       |    27 |    47 |   108 |    46 ||   228
       Throw Icicle      |       |    22 |    64 |   152 ||   238
       Summon Ice Beast  |       |       |       |    12 ||    12
Invok: Curse Item        |       |       |     2 |     1 ||     3
  Use: Scroll            |     2 |    14 |     5 |    15 ||    36
       Potion            |       |     2 |     1 |     6 ||     9
 Stab: Sleeping          |       |       |     1 |       ||     1
  Eat: Chunk             |     8 |    11 |    22 |    24 ||    65
       Ration            |       |     4 |     5 |     8 ||    17
Armor: Robe              |    27 |    43 |    15 |    39 ||   124
       Scale mail        |       |       |   102 |    79 ||   181
Dodge: Dodged            |    57 |   104 |   114 |   245 ||   520
       Deflected         |       |       |       |     9 ||     9
Block: Buckler           |       |       |       |    18 ||    18

Table legend:
 A = Non-vault XP
 B = Vault XP
 C = Vault XP percentage of total XP
 D = Non-vault monster count
 E = Vault monster count
 F = Vault count percentage of total count
                 A         B        C        D         E       F
            +---------+---------+-------+---------+---------+-------
      Total |   15726 |    4429 |  22.0 |     276 |      59 |  17.6
            +---------+---------+-------+---------+---------+-------
        D:1 |      66 |       0 |   0.0 |      31 |       0 |   0.0
        D:2 |     107 |       0 |   0.0 |      25 |       0 |   0.0
        D:3 |      99 |       0 |   0.0 |      18 |       0 |   0.0
        D:4 |    1061 |     729 |  40.7 |      24 |       5 |  17.2
        D:5 |     517 |     842 |  62.0 |      29 |       5 |  14.7
        D:6 |     774 |     227 |  22.7 |      19 |       1 |   5.0
        D:7 |     947 |       0 |   0.0 |      18 |       0 |   0.0
        D:8 |    1503 |     589 |  28.2 |      22 |       9 |  29.0
        D:9 |    1713 |     367 |  17.6 |      27 |       1 |   3.6
       D:10 |    1372 |       0 |   0.0 |      29 |       0 |   0.0
     Lair:1 |    4001 |     100 |   2.4 |      19 |       1 |   5.0
     Lair:2 |    2391 |    1532 |  39.1 |      11 |      11 |  50.0
     Lair:3 |    1175 |       0 |   0.0 |       4 |       0 |   0.0
    Ossuary |       0 |      43 | 100.0 |       0 |      26 | 100.0
            +---------+---------+-------+---------+---------+-------
